 Dungeon Crawl Stone Soup version 0.26-a0-812-g31a745ddcd (webtiles) character file.

Game seed: 8422952804649472922

805 kae the Insei (level 7, -15/41 HPs)
             Began as a Tengu Transmuter on Nov 24, 2020.
             Demolished by Prince Ribbit (16 damage)
             ... on level 5 of the Dungeon.
             The game lasted 00:04:56 (5773 turns).

kae the Insei (Tengu Transmuter)                    Turns: 5773, Time: 00:04:56

Health: -15/41     AC: 11    Str: 12    XL:     7   Next: 91%
Magic:  12/12      EV:  7    Int: 14    God:
Gold:   138        SH:  0    Dex: 14    Spells: 3/12 levels left

rFire    . . .     SeeInvis .     - Unarmed
rCold    . . .     Faith    .   (no shield)
rNeg     . . .     Spirit   .   n - +3 chain mail of Lusac {Harm}
rPois    .         Reflect  .   (helmet currently unavailable)
rElec    .         Harm     +   (no cloak)
rCorr    .         Rampage  .   (no gloves)
MR       .....                  (boots unavailable)
Stlth    ..........             (no amulet)
HPRegen  0.13/turn              m - ring of wizardry
MPRegen  0.13/turn              (no ring)

@: appendages, flying quickly and evasively, quick
A: beak, horns 2, talons 3, able to fly
a: Stop Flying, End Transformation


You were on level 5 of the Dungeon.
You had grown temporary horns.
You visited 1 branch of the dungeon, and saw 5 of its levels.

You collected 138 gold pieces.

Inventory:

Armour
 a - a +1 robe
 h - a -2 leather armour
 n - the +3 chain mail of Lusac (worn) {Harm}
   (You found it on level 5 of the Dungeon)

   It increases damage dealt and taken.
Jewellery
 k - a cursed ring of attention {unknown}
 m - a ring of wizardry (left hand)
Wands
 d - a wand of acid (4)
 i - a wand of flame (21)
Scrolls
 e - 2 scrolls of fog
 g - a scroll of fear
 l - 4 scrolls of amnesia
Potions
 b - 3 potions of curing
 c - a potion of flight
 f - 2 potions of brilliance
 j - 2 potions of might {unknown}
 o - a potion of haste
 p - a potion of invisibility {unknown}


   Skills:
 + Level 3.0 Fighting
 + Level 0.7 Armour
 + Level 3.9 Dodging
 * Level 5.5 Unarmed Combat
 + Level 3.2 Spellcasting
 * Level 3.7 Transmutations
 - Level 3.0 Poison Magic


You had 3 spell levels left.
You knew the following spells:

 Your Spells              Type           Power        Failure   Level
a - Beastly Appendage     Tmut           ##....       61%         1
b - Spider Form           Tmut/Pois      ##........   94%         3
c - Blade Hands           Tmut           ##........   100%        5

Your spell library contained the following spells:

 Spells                   Type           Power        Failure   Level
 Wereblood                Tmut           ##......     75%         2
 Ice Form                 Ice/Tmut       #.......     100%        4


Dungeon Overview and Level Annotations

Branches:
Dungeon (5/15)
 Temple: D:4-7

Altars:
Okawaru
Sif Muna

Annotations:
D:5 Prince Ribbit


Innate Abilities, Weirdness & Mutations

You have a beak for a mouth.
You have claws for feet.
You can fly continuously.
You have a pair of horns on your head.


Message History

Prince Ribbit is moderately wounded.
Prince Ribbit hits you.
* * * LOW HITPOINT WARNING * * *
You hit Prince Ribbit but do no damage. Your kick misses Prince Ribbit.
Your headbutt misses Prince Ribbit.
Prince Ribbit is moderately wounded.
Prince Ribbit hits you but does no damage.
You feel better. Prince Ribbit barely misses you. Prince Ribbit hits you!
* * * LOW HITPOINT WARNING * * *
You feel better. Prince Ribbit barely misses you.
You hit Prince Ribbit. You claw Prince Ribbit. Your peck misses Prince Ribbit.
Prince Ribbit is moderately wounded.
Prince Ribbit barely misses you.
You hit Prince Ribbit but do no damage. Your kick misses Prince Ribbit.
You punch Prince Ribbit.
Prince Ribbit is heavily wounded.
Prince Ribbit hits you!
* * * LOW HITPOINT WARNING * * *
Prince Ribbit hits you!
You die...

...................
....................
#..................โ‰ˆ
#..................โ‰ˆ
##....$.....รท.......โ‰ˆ
###........?...........
#......................
#........../...........
#......@..............#
#......F............###
#..................##
####+##.................##
........)........[......#
...................[....#
#.......(................#
#........................#
#........................#


You could see Prince Ribbit.

Vanquished Creatures
  Sigmund (D:2)
  A phantom (D:5)
  An orc priest (D:3)
  A hound (D:4)
  3 orc wizards
  An iguana (D:4)
  6 worker ants
  Robin (D:4)
  A worker ant zombie (D:5)
  A gnoll (D:3)
  6 adders
  An ufetubus (D:5)
  An ooze (D:2)
  3 worms (D:2)
  An adder skeleton (D:4)
  7 dart slugs
  2 leopard geckos
  21 orcs
  4 bats
  5 giant cockroaches
  21 goblins
  8 hobgoblins
  4 jackals (D:1)
  3 quokkas
  3 ball pythons
  7 frilled lizards
  7 kobolds
  9 rats
130 creatures vanquished.

Notes
Turn   | Place    | Note
-------+----------+-------------------------------------------
     0 | D:1      | kae the Tengu Transmuter began the quest for the Orb.
     0 | D:1      | Reached XP level 1. HP: 12/12 MP: 4/4
   146 | D:1      | Reached XP level 2. HP: 15/16 MP: 4/6
   528 | D:1      | Reached XP level 3. HP: 14/20 MP: 7/7
   533 | D:1      | Learned a level 3 spell: Spider Form
  1000 | D:2      | Noticed Sigmund
  1041 | D:2      | Reached XP level 4. HP: 20/25 MP: 6/8
  1169 | D:2      | Reached skill level 1 in Poison Magic
  1713 | D:2      | Reached skill level 4 in Unarmed Combat
  1973 | D:2      | Killed Sigmund
  1973 | D:2      | Gained mutation: You can fly continuously. [Tengu growth]
  1973 | D:2      | Reached XP level 5. HP: 23/30 MP: 6/9
  1973 | D:2      | Reached XP level 6. HP: 27/35 MP: 6/10
  2554 | D:3      | Found a shimmering blue altar of Sif Muna.
  2794 | D:3      | Found an iron altar of Okawaru.
  3406 | D:4      | Reached XP level 7. HP: 35/40 MP: 8/12
  3841 | D:4      | Reached skill level 5 in Unarmed Combat
  4029 | D:4      | Noticed Robin
  4104 | D:4      | Killed Robin
  4909 | D:4      | Learned a level 5 spell: Blade Hands
  4917 | D:5      | Entered Level 5 of the Dungeon
  5022 | D:5      | Got a slimy chain mail
  5056 | D:5      | Identified the +3 chain mail of Lusac {Harm} (You found it
                  | on level 5 of the Dungeon)
  5397 | D:5      | Noticed Prince Ribbit
  5402 | D:5      | HP: 2/41 [Prince Ribbit (2)]
  5773 | D:5      | HP: 1/41 [Prince Ribbit (13)]
  5773 | D:5      | Demolished by Prince Ribbit

Illustrated notes

Levels and vault maps discovered:
D:1:      dpeg_arrival_lava_temple_mockup, layout_basic
D:2:      layout_rooms, uniq_sigmund
D:3:      layout_basic, okawaru_altar_gauntlet_db, lemuel_blue_sif_altar
D:4:      layout_loops_ring, uniq_robin
D:5:      layout_basic, grunt_temple_overflow_lords_of_destruction,
          gammafunk_temple_overflow_wave, serial_shops, nicolae_shop_waterfront,
          tgw_trog, uniq_crazy_yiuf_cottage, uniq_prince_ribbit1, uniq_eustachio

Skill      XL: |  1  2  3  4  5  6  7 |
---------------+----------------------+-----
Transmutations | 2 3 |  3.7
Poison Magic   | 2 3 |  3.0
Unarmed Combat | 4 5 |  5.5
Fighting       | 2 3 |  3.0
Dodging        | 3 |  3.9
Spellcasting   | 3 |  3.2
Armour         | |  0.7

Action                   |  1- 3 |  4- 6 |  7- 9 || total
-------------------------+-------+-------+-------++-------
Melee: Unarmed           |    81 |   125 |   132 ||   338
       Kick              |    13 |    11 |    15 ||    39
       Headbutt          |     4 |     9 |     7 ||    20
       Peck              |     9 |     6 |    11 ||    26
       Punch             |       |     2 |     4 ||     6
 Cast: Beastly Appendage |    14 |    19 |     6 ||    39
       Spider Form       |     1 |     9 |    13 ||    23
 Abil: Fly               |       |     1 |       ||     1
  Use: Scroll            |       |     7 |     6 ||    13
       Potion            |       |       |     2 ||     2
 Stab: Sleeping          |       |     1 |       ||     1
Armor: Robe              |    18 |       |       ||    18
       Skin              |       |     3 |     1 ||     4
       Leather armour    |       |     1 |     1 ||     2
       Chain mail        |       |       |    29 ||    29
Dodge: Dodged            |    59 |   117 |    95 ||   271

Table legend: (Time is in decaauts)
 A = Elapsed time spent in this place.
 B = Non-inter-level travel time spent in this place.
 C = Inter-level travel time spent in this place.
 D = Time resting spent in this place.
 E = Time spent auto-exploring this place.
 F = Levels seen in this place.
 G = Mean time per level.
                   A        B        C        D        E       F      G
               +--------+--------+--------+--------+--------+-----+--------+
         Total |   5579 |   5504 |     75 |    350 |   4219 |   5 | 1115.8 |
       Dungeon |   5579 |   5504 |     75 |    350 |   4219 |   5 | 1115.8 |
               +--------+--------+--------+--------+--------+-----+--------+

Top non-repeatable levels by time:
     D:4: 1847 daAuts
     D:2: 1302 daAuts
     D:3: 1173 daAuts
     D:1: 751 daAuts
     D:5: 505 daAuts
